 Dungeon Crawl Stone Soup version 0.31-a0-358-gac0dbeb3ab (webtiles) character file.

Game seed: 7224779880469259053

15582 Newt the Cleaver (level 12, -5/91 HPs)
             Began as a Merfolk Fighter on July 26, 2023.
             Was an Elder of the Shining One.
             Slain by a reaper
             ... wielding a +2 scythe of freezing
              (29 damage)
             ... in an ice cave.
             The game lasted 00:14:09 (10489 turns).

Newt the Cleaver (Merfolk Fighter)                 Turns: 10489, Time: 00:14:09

Health: -5/91      AC: 20    Str: 17    XL:     12   Next: 28%
Magic:  12/12      EV: 14    Int: 10    God:    the Shining One [****..]
Gold:   396        SH:  0    Dex: 18    Spells: 11/11 levels left

rFire   x . .        a - +8 frozen axe "Frostbite" {freeze, freezing cloud, *Noise Fly rC+}
rCold   + + .        (shield currently unavailable)
rNeg    + + .        r - +5 ring mail
rPois   .            v - +0 helmet
rElec   +            g - +0 cloak
rCorr   +            j - +2 pair of gloves
SInv    .            (no boots)
Will    .....        k - amulet of the acrobat
Stlth   +            m - ring "Ozoek" {rElec rCorr AC+4 Dex+3 Slay+3}
HPRegen 0.35/turn    p - ring of ice
MPRegen 0.13/turn

%: acrobat
@: mighty, flying, glowing
A: (nimble swimmer 2), mertail
a: Renounce Religion, Divine Shield, Cleansing Flame


You were in an ice cave.
You worshipped the Shining One.
The Shining One was greatly pleased with you.
You visited 2 branches of the dungeon, and saw 12 of its levels.
You also visited: Bailey and Ice Cave.

You collected 660 gold pieces.
You spent 264 gold pieces at shops.

Inventory:

Hand Weapons
 a - the +8 frozen axe "Frostbite" (weapon) {freeze, freezing cloud, *Noise Fly rC+}
   (You found it in a bailey)

   rC:        It protects you from cold.
   Fly:       It grants you flight.
   *Noise:    It may make noises in combat.
 b - the +6 sling of Emiubua {flame, rC+}
   (You found it on level 6 of the Dungeon)

   rC:        It protects you from cold.
 B - a +2 great sword of freezing
 C - a +1 long sword
Missiles
 N - 2 throwing nets
Armour
 c - a +0 buckler
 g - a +0 cloak (worn)
 j - a +2 pair of gloves (worn)
 r - a +5 ring mail (worn)
 t - the +3 ring mail of Heras {+Inv rElec Str-3 Int+4}
   (You found it on level 4 of the Dungeon)

   Str:       It affects your strength (-3).
   Int:       It affects your intelligence (+4).
   rElec:     It insulates you from electricity.
   +Inv:      It lets you turn invisible.
 v - a +0 helmet (worn)
 y - a +0 scale mail
Jewellery
 k - an amulet of the acrobat (around neck)
 m - the ring "Ozoek" (left hand) {rElec rCorr AC+4 Dex+3 Slay+3}
   (You acquired it on level 3 of the Dungeon)

   [ring of protection]

   AC:        It affects your AC (+4).
   Dex:       It affects your dexterity (+3).
   Slay:      It affects your accuracy & damage with ranged weapons and melee
   (+3).
   rElec:     It insulates you from electricity.
   rCorr:     It protects you from acid and corrosion.
 p - a ring of ice (right hand)
 q - a +5 ring of evasion
 D - a ring of resist corrosion
 E - a ring of wizardry
 F - the ring "Valaat" {rPois Int+6 Dex+6 SInv Stlth+}
   (You found it on level 8 of the Dungeon)

   [ring of dexterity]

   Int:       It affects your intelligence (+6).
   Dex:       It affects your dexterity (+6).
   rPois:     It protects you from poison.
   SInv:      It lets you see invisible.
   Stlth:     It makes you more stealthy.
 I - an amulet of magic regeneration
 L - a +5 ring of evasion
 P - a ring of protection from fire
Wands
 H - a wand of flame (30)
 J - a wand of roots (11)
Scrolls
 f - 4 scrolls of teleportation
 n - a scroll of summoning {unknown}
 o - 5 scrolls of enchant armour
 s - 2 scrolls of noise
 x - 3 scrolls of enchant weapon
 z - a scroll of fear
 A - a scroll of silence {unknown}
 K - a scroll of fog
Potions
 e - 2 potions of brilliance
 h - 2 potions of attraction
 i - 5 potions of curing
 l - a potion of enlightenment
 u - 3 potions of mutation {unknown}
 w - a potion of resistance {unknown}
 G - a potion of heal wounds {unknown}
 M - a potion of lignification {unknown}
 O - a potion of cancellation {unknown}


   Skills:
 - Level 7.0 Fighting
 - Level 9.0 Long Blades
 - Level 10.7 Axes
 + Level 5.6 Ranged Weapons
 - Level 4.0 Armour
 - Level 7.0 Dodging
 - Level 4.0 Stealth
 - Level 3.0 Shields
 - Level 6.0 Evocations


You had 11 spell levels left.
You didn't know any spells.
Your spell library contained the following spells:

 Spells                   Type           Power      Damage    Failure   Level
 Apportation              Tloc           0%         N/A       54%         1
 Necrotise                Necr           0%         1d4       54%         1
 Shock                    Conj/Air       0%         1d3       54%         1
 Summon Small Mammal      Summ           0%         N/A       54%         1
 Portal Projectile        Hex/Tloc       0%         N/A       89%         3
 Swiftness                Air            0%         N/A       89%         3
 Tukima's Dance           Hex            0%         N/A       89%         3
 Vampiric Draining        Necr           0%         2d6       89%         3
 Airstrike                Air            0%         2d(0-16)  100%        4
 Iskenderun's Mystic Bla  Conj/Tloc      0%         2d3       100%        4
 Agony                    Necr           0%         N/A       100%        5
 Chain Lightning          Conj/Air       0%         N/A       100%        9
 Fire Storm               Conj/Fire      0%         5d1       100%        9
 Shatter                  Erth           0%         3d5*      100%        9


Dungeon Overview and Level Annotations

Branches:
Dungeon (11/15)            Temple (1/1) D:7             Orc (0/2) D:10
 Bailey (visited)           IceCv (1/1)
   Lair: D:8-11

Altars:
Ashenzari
Cheibriados
Dithmenos
Elyvilon
Fedhas
Gozag
Hepliaklqana
Kikubaaqudgha
Makhleb
Nemelex Xobeh
Okawaru
Qazlal
Ru
Sif Muna
Trog
Uskayaw
Vehumet
Wu Jian
Xom
Yredelemnul
Zin
The Shining One

Shops:
D:5 (   D:8 :


Innate Abilities, Weirdness & Mutations

((You are very nimble when in or above water. (Stealth+, EV+, Speed+++)))
Your lower body shifts to a powerful aquatic tail in water.


Message History

The sling bullet melts the two-headed ogre simulacrum!
The two-headed ogre simulacrum vaporises!
The Shining One accepts your kill.
A reaper and a dire elephant simulacrum come into view.
The reaper is wielding a +2 scythe of freezing and wearing a +2 robe of cold resistance.
Unknown command.
You feel very mighty all of a sudden.
You shoot a sling bullet.
The sling bullet barely misses the reaper.
You shoot a sling bullet. The sling bullet hits the reaper!
The sling bullet burns the reaper.
The reaper is lightly wounded.
You shoot a sling bullet.
The sling bullet hits the dire elephant simulacrum.
The sling bullet melts the dire elephant simulacrum.
The dire elephant simulacrum is lightly damaged.
Unknown command.
The +6 sling of Emiubua {flame, rC+} stops flaming.
You fly up into the air.
The +8 frozen axe "Frostbite" {freeze, freezing cloud, *Noise Fly rC+} glows with a cold blue light!
a - the +8 frozen axe "Frostbite" (weapon)
{freeze, freezing cloud, *Noise Fly rC+} Unknown command.
You hit the reaper.
The reaper is lightly wounded.
The reaper hits you with a +2 scythe of freezing!!
The reaper freezes you.
The reaper hits you with a +2 scythe of freezing!!
The reaper freezes you.
Unknown command.
You slash the reaper!
The reaper is moderately wounded.
You slash the dire elephant simulacrum!
The dire elephant simulacrum tramples you.
You hold your ground!
The dire elephant simulacrum trunk-slaps you.
The dire elephant simulacrum freezes you!
You resist.
* * * LOW HITPOINT WARNING * * *
The reaper hits you with a +2 scythe of freezing!!
You die...

##..#..## ##○.§○...
##.###...# #§§§§§§..
#..####..###§§☼☼§..#
##..#..##..#§§☼○§#.# .#
#..##..)##..§§§.##.#..#
##..#....##..§.###..#...
#..##....###...#....... #
#..#....## #...#....... .#
#..##.#.##
#..@#...####..#.
#...###..#
#..Z2...........
##..##...###..#..........#
#.......#≈#..##..#.#..#.#
##...#...≈≈...#.##.# #
##..#..#≈≈#....#..#
####..##≈##..##§§.
##..####...§§.. #...##
##.☼§§..#


You could see a reaper and a dire elephant simulacrum.

Vanquished Creatures
  A two-headed ogre (D:8)
  Pikel (D:9)
  2 ice statues (IceCv)
  A kobold demonologist (D:8)
  An unseen horror (D:10)
  6 ice devils (IceCv)
  3 trolls
  An anaconda simulacrum (IceCv)
  A slime creature (D:8)
  A wraith (D:9)
  A dire elephant simulacrum (IceCv)
  A shadow (D:10)
  4 wyverns
  15 yaks
  3 death yak simulacra (IceCv)
  A steam dragon (D:9)
  4 vampire mosquitoes
  4 acid dragons
  A water moccasin (D:7)
  14 orc warriors
  3 ice beasts
  14 centaurs
  2 lemures (D:9)
  A phantom (D:5)
  15 kobold brigands
  A gnoll sergeant (D:9)
  3 scorpions
  A cane toad simulacrum (IceCv)
  2 two-headed ogre simulacra (IceCv)
  10 wights
  10 killer bees
  An elephant simulacrum (IceCv)
  A howler monkey (D:7)
  A hound (D:5)
  5 orc priests
  2 jellies
  2 sleepcaps
  6 orc wizards
  2 troll simulacra (IceCv)
  3 spriggan simulacra (IceCv)
  3 gnolls (D:9)
  9 adders
  A naga simulacrum (IceCv)
  A shadow imp (D:8)
  3 white imps
  6 ufetubi
  A worm (D:4)
  4 dart slugs
  63 orcs
  4 ball pythons
  3 bats (D:1)
  7 endoplasms
  10 goblins
  3 hobgoblins
  4 jackals (D:1)
  4 quokkas
  2 frilled lizards
  17 kobolds
  7 rats
303 creatures vanquished.

Notes
Turn   | Place    | Note
-------+----------+-------------------------------------------
     0 | D:1      | Newt the Merfolk Fighter began the quest for the Orb.
     0 | D:1      | Reached XP level 1. HP: 18/18 MP: 1/1
   217 | D:1      | Reached XP level 2. HP: 18/25 MP: 2/2
   278 | D:1      | Reached skill level 1 in Dodging
   735 | D:1      | Reached XP level 3. HP: 29/30 MP: 3/3
   995 | D:2      | Found a hazy altar of Hepliaklqana.
  1657 | D:2      | Reached XP level 4. HP: 37/37 MP: 4/4
  2387 | D:3      | Identified a scroll of acquirement
  2387 | D:3      | Acquired the ring "Ozoek" {rElec rCorr AC+4 Dex+3 Slay+3}
  2961 | D:3      | Reached XP level 5. HP: 42/42 MP: 5/5
  3301 | D:4      | Reached skill level 5 in Long Blades
  3344 | D:4      | Reached XP level 6. HP: 48/48 MP: 6/6
  3771 | D:4      | Identified the +3 ring mail of Heras {+Inv rElec Str-3
                  | Int+4}
  4028 | D:5      | Entered Level 5 of the Dungeon
  4149 | D:5      | Reached XP level 7. HP: 54/54 MP: 7/7
  4351 | D:5      | Found Cusur's Antique Weapon Emporium.
  4508 | D:6      | Identified the +6 sling of Emiubua {flame, rC+}
  4917 | D:6      | Reached skill level 5 in Dodging
  5112 | D:7      | Noticed a troll
  5121 | D:7      | Killed a troll
  5122 | D:7      | Reached XP level 8. HP: 48/60 MP: 8/8
  5226 | D:7      | Reached skill level 1 in Stealth
  5235 | D:7      | Found a flagged portal.
  5245 | Bailey   | Entered a bailey
  5333 | Bailey   | Reached skill level 5 in Fighting
  5348 | Bailey   | Reached XP level 9. HP: 66/69 MP: 9/9
  5641 | Bailey   | Found the +8 frozen axe "Frostbite" {freeze, freezing
                  | cloud, *Noise Fly rC+}
  5760 | Bailey   | Reached skill level 1 in Evocations
  5821 | Bailey   | Reached skill level 1 in Axes
  5924 | D:5      | Bought a slimy great sword for 264 gold pieces
  5924 | D:5      | Identified the +1 great sword of the Bouncing Teeth {heavy,
                  | *Slow Fly Str+4 Stlth+} (You bought it in a shop on level 5
                  | of the Dungeon)
  6057 | D:7      | Reached XP level 10. HP: 79/79 MP: 10/10
  6226 | D:7      | Found a staircase to the Ecumenical Temple.
  6254 | Temple   | Entered the Ecumenical Temple
  6305 | Temple   | Became a worshipper of the Shining One
  6383 | D:8      | Noticed a kobold demonologist
  6397 | D:8      | Killed a kobold demonologist
  6398 | D:8      | Reached skill level 2 in Axes
  6419 | D:8      | Reached skill level 3 in Axes
  6421 | D:8      | Reached skill level 5 in Evocations
  6713 | D:8      | Identified the ring "Valaat" {rPois Int+6 Dex+6 SInv
                  | Stlth+}
  6773 | D:8      | Found Yled's Book Boutique.
  7015 | D:8      | Noticed a two-headed ogre
  7022 | D:8      | Reached skill level 4 in Axes
  7027 | D:8      | Killed a two-headed ogre
  7028 | D:8      | Reached skill level 5 in Axes
  7053 | D:8      | Reached skill level 6 in Axes
  7058 | D:8      | Reached * piety under the Shining One
  7069 | D:8      | Reached XP level 11. HP: 69/84 MP: 11/11
  7194 | D:9      | Reached skill level 7 in Axes
  7473 | D:9      | Reached skill level 8 in Axes
  7517 | D:9      | Noticed Pikel
  7527 | D:9      | Killed Pikel
  7615 | D:9      | Reached ** piety under the Shining One
  7790 | D:9      | Reached skill level 9 in Axes
  8336 | D:10     | Entered Level 10 of the Dungeon
  8797 | D:10     | Reached skill level 10 in Axes
  8799 | D:10     | Found a staircase to the Orcish Mines.
  8869 | D:10     | Found a shadowy altar of Dithmenos.
  8870 | D:10     | Found a radiant altar of Vehumet.
  9224 | D:11     | Found a frozen archway.
  9232 | IceCv    | Entered an ice cave
  9251 | IceCv    | Reached *** piety under the Shining One
  9260 | IceCv    | HP: 4/84 [death yak simulacrum (7)]
  9263 | IceCv    | Reached XP level 12. HP: 25/91 MP: 12/12
 10097 | IceCv    | Reached skill level 5 in Ranged Weapons
 10141 | IceCv    | Reached **** piety under the Shining One
 10477 | IceCv    | Noticed a reaper
 10489 | IceCv    | Slain by a reaper

Illustrated notes

Levels and vault maps discovered:
D:1:      dpeg_arrival_orchard, layout_basic, hangedman_glass_teeth,
          minmay_misc_feat_diagonals, nicolae_figureground_sparkle
D:2:      layout_basic, basic_altar, corexii_shack, dreamdust_princess_corridor,
          hangedman_decor_growths
D:3:      layout_basic
D:4:      layout_cave_pods
D:5:      layout_rooms, nicolae_stop_n_shop_1
D:6:      layout_basic
D:7:      layout_basic, minmay_temple_entry_enclosed_plants, enter_bailey_5,
          kennysheep_crisscross
D:8:      layout_cave_pools, serial_shops, shop, special_room
          [special_room_kobold], st_stairs_3, kennysheep_donut,
          kennysheep_kite_vault
D:9:      layout_stronghold, uniq_pikel
D:10:     layout_gridville, mainiacjoe_overflow_divided_tiny, david_orc_2,
          corexii_hall_statues_i
D:11:     layout_basic, david_lair_shrubbed, portal_ice_cave_entry_pillars_2,
          kennysheep_small_spiral, uniq_grum
Temple:   mainiacjoe_temple_cubbyholes
IceCv:    ice_cave_small_demon

Skill      XL: |  1  2  3  4  5  6  7  8  9 10 11 12 |
---------------+-------------------------------------+-----
Fighting       | 4 5 7 |  7.0
Dodging        | 2 3 4 7 |  7.0
Long Blades    | 4 5 6 9 |  9.0
Armour         | 3 4 |  4.0
Ranged Weapons | 2 4 5 |  5.6
Stealth        | 4 |  4.0
Evocations     | 3 6 |  6.0
Axes           | 1 6 10 | 10.7
Shields        | |  3.0

Action                     |  1- 3 |  4- 6 |  7- 9 | 10-12 || total
---------------------------+-------+-------+-------+-------++-------
  Melee: Long sword        |    96 |   109 |    45 |       ||   250
         Executioner's axe |       |       |       |   138 ||   138
   Fire: Sling             |       |       |   215 |   273 ||   488
    Use: Scroll            |     3 |     4 |     3 |     5 ||    15
         Potion            |       |       |       |     4 ||     4
 Armour: Scale mail        |    47 |    13 |       |       ||    60
         Ring mail         |       |    11 |    38 |   105 ||   154
  Dodge: Dodged            |    36 |    60 |   132 |   264 ||   492
  Block: Buckler           |    11 |    23 |    39 |     7 ||    80

Table legend: (Time is in decaauts)
 A = Elapsed time spent in this place.
 B = Non-inter-level travel time spent in this place.
 C = Inter-level travel time spent in this place.
 D = Time resting spent in this place.
 E = Time spent auto-exploring this place.
 F = Levels seen in this place.
 G = Mean time per level.
                   A        B        C        D        E       F      G
               +--------+--------+--------+--------+--------+-----+--------+
         Total |  10727 |  10076 |    651 |   1455 |   6729 |  14 |  766.2 |
       Dungeon |   8655 |   8103 |    552 |    382 |   6339 |  11 |  786.8 |
        Temple |    100 |      1 |     99 |      0 |      0 |   1 |  100.0 |
        Bailey |    683 |    683 |      0 |    115 |    302 |   1 |  683.0 |
      Ice Cave |   1287 |   1287 |      0 |    958 |     87 |   1 | 1287.0 |
               +--------+--------+--------+--------+--------+-----+--------+

Top non-repeatable levels by time:
   IceCv: 1287 daAuts
     D:3: 1250 daAuts
     D:9: 1180 daAuts
     D:2: 1106 daAuts
     D:1: 948 daAuts
    D:10: 907 daAuts
     D:8: 858 daAuts
     D:4: 773 daAuts
  Bailey: 683 daAuts
     D:6: 617 daAuts
     D:7: 518 daAuts
     D:5: 486 daAuts
  Temple: 100 daAuts
    D:11: 8 daAuts
